 Dungeon Crawl Stone Soup version 0.31-a0-851-g7ff8af7976 (webtiles) character file.

Game seed: 11561301422496728738

1 Kurtz the Sneak (level 1, -4/18 HPs)
             Began as a Mummy Delver on Oct 6, 2023.
             Slain by a bullfrog (6 damage)
             ... on level 5 of the Dungeon.
             The game lasted 00:00:12 (77 turns).

Kurtz the Sneak (Mummy Delver)                        Turns: 77, Time: 00:00:12

Health: -4/18      AC:  8    Str: 15    XL:     1   Next: 16%
Magic:  1/1        EV:  7    Int:  9    God:
Gold:   21         SH:  0    Dex: 13    Spells: 0/0 levels left

rFire   x . .        a - +0 hand axe
rCold   + . .        (no shield)
rNeg    + + +        g - +0 chain mail
rPois   ∞            (no helmet)
rElec   .            (no cloak)
rCorr   .            (no gloves)
SInv    .            (no boots)
Will    .....        (no amulet) Stlth
                     (no ring)
HPRegen 0.23/turn    (no ring)
MPRegen 0.07/turn

%: faith
@: no status effects
A: cold resistance 1, negative energy resistance 3, torment resistance 2, heat
vulnerability 1, in touch with death 1, no potions, faith
a: no special abilities


You were on level 5 of the Dungeon.
You visited 1 branch of the dungeon, and saw 1 of its levels.

You collected 21 gold pieces.

Inventory:

Hand Weapons
 a - a +0 hand axe (weapon)
Armour
 b - a +0 leather armour
 g - a +0 chain mail (worn)
Wands
 f - a wand of digging (3)
 h - a wand of polymorph (8)
Scrolls
 c - a scroll of fog
 d - a scroll of revelation
 e - a scroll of fear


   Skills:
 - Level 3.0 Fighting
 * Level 1.7 Axes
 - Level 1.5 Dodging
 - Level 4.1 Stealth


You couldn't memorise any spells.
You didn't know any spells.
Your spell library was empty.

Dungeon Overview and Level Annotations

Branches:
Dungeon (5/15)             Temple (0/1) D:5

Altars:


Innate Abilities, Weirdness & Mutations

You are immune to poison.
Your flesh is cold resistant. (rC+)
You are immune to negative energy. (rN+++)
You are immune to unholy pain and torment.
You are vulnerable to heat. (rF-)
You are in touch with the powers of death.
You do not drink.
You have a special connection with the divine. (Faith)


Message History

You hit the hound.
The hound is moderately wounded.
The hound barely misses you. The hound bites you.
Unknown command.
You miss the hound.
The hound is moderately wounded.
The hound bites you but does no damage.
The orc wizard gestures wildly while chanting.
The orc wizard flickers and vanishes!
Deactivating autopickup; reactivate with Ctrl-A.
The hound bites you.
You hear a shout!
The orc attacks as it pursues you! The orc barely misses you.
The hound bites you but does no damage. The hound attacks as it pursues you!
The hound bites you but does no damage. The hound attacks as it pursues you!
The hound bites you but does no damage. The hound bites you.
The hound bites you.
The hound pauses to sniff the ground.
The hound bites you but does no damage. The hound bites you but does no damage.
The hound attacks as it pursues you! The hound bites you but does no damage.
The orc hits you but does no damage. The hound bites you.
An iguana comes into view.
Found 4 gold pieces.
The iguana hisses angrily.
The hound attacks as it pursues you! The hound barely misses you.
Found a staircase to the Ecumenical Temple.
The hound bites you.
* * * LOW HITPOINT WARNING * * *
Found a Young Poisoner's Handbook and 18 gold pieces.
A bullfrog comes into view.
Found a hand axe.
The bullfrog gives a loud, deep croak!
A hound comes into view.
The hound bites you but does no damage.
The hound moves out of view.
The hound bites you but does no damage. The bullfrog hits you.
* * * LOW HITPOINT WARNING * * *
The bullfrog hits you.
You die...

....... .. .. . ..!....
... #. . ....... ...
###.##. #...... ##...
##.....###......###....
#.......##.............
#.$.)..###.....>......
#..>....#.............
#.:.$@..##............
##...Fh.##........†...
#....o.#.............
.........{............#
...............#.#......
....P....l..oo######....
#♣~~~P...........#.##...
~~~.~..................
~.~~~~......#..........


You could see a bullfrog, an iguana, a hound and 3 orcs.

Vanquished Creatures
  A quokka (D:5)
1 creature vanquished.

Notes
Turn   | Place    | Note
-------+----------+-------------------------------------------
     0 | D:5      | Kurtz the Mummy Delver began the quest for the Orb.
     0 | D:5      | Reached XP level 1. HP: 18/18 MP: 1/1
    55 | D:5      | Noticed a hound
    56 | D:5      | Noticed an orc wizard
    71 | D:5      | Noticed an iguana
    72 | D:5      | Found a staircase to the Ecumenical Temple.
    74 | D:5      | Noticed a bullfrog
    74 | D:5      | Noticed a hound
    77 | D:5      | Slain by a bullfrog

Illustrated notes

Levels and vault maps discovered:
D:5:      layout_cave_pools, mainiacjoe_overflow_six_doors_small,
          minmay_temple_entry_offerings, serial_bayou, serial_bayou_shore_a,
          serial_bayou_shore_b, serial_bayou_pond_b, serial_bayou_crossing,
          serial_bayou_lake_a, roderic_lattice_a, hex_medium

Action                     || total
---------------------------++-------
  Melee: Hand axe          ||     7
 Armour: Chain mail        ||    22
         Leather armour    ||     1
  Dodge: Dodged            ||     6

Table legend: (Time is in decaauts)
 A = Elapsed time spent in this place.
 B = Non-inter-level travel time spent in this place.
 C = Inter-level travel time spent in this place.
 D = Time resting spent in this place.
 E = Time spent auto-exploring this place.
 F = Levels seen in this place.
 G = Mean time per level.
                   A        B        C        D        E       F      G
               +--------+--------+--------+--------+--------+-----+--------+
         Total |     78 |     78 |      0 |      0 |     20 |   1 |   78.0 |
       Dungeon |     78 |     78 |      0 |      0 |     20 |   1 |   78.0 |
               +--------+--------+--------+--------+--------+-----+--------+

Top non-repeatable levels by time:
     D:5: 78 daAuts
